 Dungeon Crawl Stone Soup version 0.29-a0-1065-g47a6bb87d6 (webtiles) character file.

Game seed: 5125773867755788831

57 nickcage the Cudgeller (level 3, -1/31 HPs)
             Began as a Palentonga Abyssal Knight on Aug 18, 2022.
             Was a Priest of Lugonu.
             Slain by a gnoll
             ... wielding a +0 flail
              (3 damage)
             ... on level 2 of the Dungeon.
             The game lasted 00:02:46 (1536 turns).

nickcage the Cudgeller (Palentonga Abyssal Knight)  Turns: 1536, Time: 00:02:47

Health: -1/31      AC:  7    Str: 20    XL:     3   Next: 73%
Magic:  4/4        EV: 12    Int: 10    God:    Lugonu [***...]
Gold:   70         SH:  0    Dex: 10    Spells: 2/2 levels left

rFire   . . .      SeeInvis +   a - +1 mace
rCold   . . .      Faith    .   (no shield)
rNeg    . . .      Spirit   .   d - +0 ring mail
rPois   .          Reflect  .   (no helmet)
rElec   .          Harm     .   j - +1 cloak
rCorr   .          Rampage  .   (no gloves)
Will    .....                   (no barding)
Stlth   ..........              (no amulet)
HPRegen 0.10/turn               k - +4 ring of evasion
MPRegen 0.09/turn               (no ring)

@: no status effects
A: large, rugged brown scales 3, see invisible, deformed body, roll 1, armoured
tail
a: Rolling Charge, Renounce Religion, Depart the Abyss, Bend Space, Banish


You were on level 2 of the Dungeon.
You worshipped Lugonu.
Lugonu was most pleased with you.
You visited 1 branch of the dungeon, and saw 2 of its levels.
You visited the Abyss 1 time.

You collected 70 gold pieces.

Inventory:

Hand Weapons
 a - a +1 mace (weapon)
Armour
 b - a +0 leather armour
 d - a +0 ring mail (worn)
 j - a +1 cloak (worn)
Jewellery
 k - a +4 ring of evasion (left hand)
Scrolls
 c - a scroll of teleportation {unknown}
 i - a scroll of identify {unknown}
 m - a scroll of silence {unknown}
 n - a scroll of vulnerability {unknown}
Potions
 e - 2 potions of ambrosia {unknown}
 f - a potion of degeneration {unknown}
 g - 2 potions of heal wounds {unknown}
 h - a potion of curing {unknown}
 l - 2 potions of flight {unknown}


   Skills:
 - Level 3.0 Fighting
 + Level 4.1 Maces & Flails
 - Level 1.5 Armour
 - Level 0.7 Dodging
 - Level 2.0 Invocations


You had 2 spell levels left.
You didn't know any spells.
Your spell library was empty.

Dungeon Overview and Level Annotations

Branches:
Dungeon (2/15)

Altars:


Innate Abilities, Weirdness & Mutations

You are completely covered in rugged brown scales. (AC +3, +7% HP)
You have supernaturally acute eyesight. (SInv)
Armour fits poorly on your strangely shaped body.
You can roll at nearby foes to attack.
You have a long armoured tail.


Message History

The gnoll barely misses you.
There is a stone staircase leading up here.
The gnoll hits you from afar with a +0 spear.
* * * LOW HITPOINT WARNING * * *
You climb upwards.
There is a stone staircase leading down here.
You start resting.
HP restored.
You climb downwards.
The gnoll hits you from afar with a +0 spear!
There is a stone staircase leading up here.
The gnoll misses you. The gnoll barely misses you.
You hit the gnoll.
The gnoll is lightly wounded.
The gnoll hits you from afar with a +0 spear.
The gnoll closely misses you.
You sock the gnoll! You punch the gnoll, but do no damage.
The gnoll is severely wounded.
The gnoll hits you but does no damage. The gnoll barely misses you.
The gnoll misses you. The gnoll hits you with a +0 flail.
The gnoll closely misses you.
You sock the gnoll!
You kill the gnoll!
Lugonu accepts your kill.
You can now banish your foes.
The gnoll barely misses you. The gnoll misses you.
Your Maces & Flails skill increases to level 4!
The gnoll hits you with a +0 spear. The gnoll barely misses you.
Things that are here:
a +0 spear; a gnoll corpse You hit the gnoll.
The gnoll is moderately wounded.
The gnoll hits you with a +0 spear. The gnoll barely misses you.
You hit the gnoll but do no damage.
The gnoll is moderately wounded.
The gnoll hits you with a +0 spear. The gnoll hits you with a +0 flail!
* * * LOW HITPOINT WARNING * * *
You hit the gnoll.
The gnoll is severely wounded.
The gnoll hits you with a +0 flail.
You die...

###########
..........##
########...####
#..<.@g....#
#.###g..##.# #
##.###.#
#.###.#####
##.####....#....#
........###.###.#
#######.##...##.#
#.##...##.# ##
### #.##...##.#


You could see 2 gnolls.

Vanquished Creatures
  2 gnolls (D:2)
  An adder (D:2)
  A worm (D:2)
  A dart slug (D:2)
  3 ball pythons (D:1)
  2 endoplasms (D:1)
  2 goblins
  3 hobgoblins
  3 jackals (D:1)
  A quokka (D:1)
  3 bats
  2 frilled lizards
  A kobold (D:1)
25 creatures vanquished.

Notes
Turn   | Place    | Note
-------+----------+-------------------------------------------
     0 | Abyss:1  | nickcage the Palentonga Abyssal Knight began the quest for
                  | the Orb.
     0 | Abyss:1  | Reached XP level 1. HP: 19/19 MP: 2/2
     1 | D:1      | Escaped the Abyss
   484 | D:1      | Reached XP level 2. HP: 21/25 MP: 3/3
   547 | D:1      | Found a faded altar of an unknown god.
   819 | D:1      | Reached skill level 3 in Maces & Flails
  1094 | D:2      | Reached XP level 3. HP: 28/31 MP: 4/4
  1532 | D:2      | Reached *** piety under Lugonu
  1533 | D:2      | Reached skill level 4 in Maces & Flails
  1536 | D:2      | Slain by a gnoll

Illustrated notes

Levels and vault maps discovered:
D:1:      nzn_arrival_water_spiral, layout_rooms,
          shapermc_ecumenical_altar_mp_urbaneastern
D:2:      layout_loops_ring, serial_glass, glass_columns_a, glass_columns_c,
          glass_columns_b, glass_columns_a

Skill      XL: |  1  2  3 |
---------------+----------+-----
Maces & Flails | 3 4 |  4.1
Fighting       | |  3.0
Armour         | |  1.5
Dodging        | |  0.7
Invocations    | |  2.0

Action                   || total
-------------------------++-------
Melee: Mace              ||   100
       Tailslap          ||     9
       Punch             ||     1
 Abil: Rolling Charge    ||     7
Armor: Ring mail         ||    42
       Leather armour    ||     4
Dodge: Dodged            ||    91

Table legend: (Time is in decaauts)
 A = Elapsed time spent in this place.
 B = Non-inter-level travel time spent in this place.
 C = Inter-level travel time spent in this place.
 D = Time resting spent in this place.
 E = Time spent auto-exploring this place.
 F = Levels seen in this place.
 G = Mean time per level.
                   A        B        C        D        E       F      G
               +--------+--------+--------+--------+--------+-----+--------+
         Total |   1566 |   1564 |      2 |    222 |   1065 |   3 |  522.0 |
       Dungeon |   1565 |   1563 |      2 |    222 |   1065 |   2 |  782.5 |
         Abyss |      1 |      1 |      0 |      0 |      0 |   1 |    1.0 |
               +--------+--------+--------+--------+--------+-----+--------+

Top non-repeatable levels by time:
     D:1: 1211 daAuts
     D:2: 354 daAuts
 Abyss:1: 1 daAuts
